 Dungeon Crawl Stone Soup version 0.31-a0-202-g547052bce9 (webtiles) character file.

Game seed: 17920907164368330025

829 kiwi3s the Trooper (level 7, -3/96 HPs)
             Began as a Minotaur Berserker on June 26, 2023.
             Was a Priest of Trog.
             Slain by a gnoll
             ... wielding a +0 halberd
             ... led by a gnoll bouda
              (11 damage)
             ... on level 6 of the Dungeon.
             The game lasted 00:03:20 (4420 turns).

kiwi3s the Trooper (Minotaur Berserker)             Turns: 4420, Time: 00:03:20

Health: -3/96      AC:  3    Str: 24    XL:     7   Next: 65%
Magic:  6/6        EV: 15    Int:  4    God:    Trog [***...]
Gold:   369        SH:  0    Dex: 21    Spells: 6/6 levels left

rFire   . . .        a - +0 hand axe
rCold   . . .        (no shield)
rNeg    . . .        n - +0 leather armour
rPois   .            (helmet restricted)
rElec   .            (no cloak)
rCorr   .            (no gloves)
SInv    .            (no boots)
Will    .....        (no amulet) Stlth
                     o - +6 ring of dexterity
HPRegen 0.36/turn    x - +6 ring of dexterity
MPRegen 0.10/turn

%: no passive effects
@: berserking, weakened, very quick
A: horns 2, retaliatory headbutt
a: Renounce Religion, Berserk, Trog's Hand


You were on level 6 of the Dungeon.
You worshipped Trog.
Trog was most pleased with you.
You visited 1 branch of the dungeon, and saw 6 of its levels.

You collected 369 gold pieces.

Inventory:

Hand Weapons
 a - a +0 hand axe (weapon)
Armour
 b - a +0 animal skin
 i - a +0 buckler
 n - a +0 leather armour (worn)
Jewellery
 o - a +6 ring of dexterity (left hand)
 x - a +6 ring of dexterity (right hand)
Wands
 A - a wand of roots (4)
 B - a wand of flame (12)
Scrolls
 d - 5 scrolls of identify {unknown}
 e - a scroll of torment {unknown}
 h - 3 scrolls of immolation {unknown}
 j - 4 scrolls of teleportation {unknown}
 l - 2 scrolls of amnesia {unknown}
 m - 3 scrolls of noise {unknown}
 p - 3 scrolls of poison {unknown}
 r - 2 scrolls of blinking {unknown}
 t - 2 scrolls of enchant weapon {unknown}
 y - a scroll of fog {unknown}
 z - a scroll of revelation {unknown}
Potions
 c - 2 potions of resistance {unknown}
 f - a potion of berserk rage {unknown}
 g - 2 potions of cancellation {unknown}
 k - 4 potions of curing {unknown}
 q - a potion of magic {unknown}
 s - a potion of mutation {unknown}
 u - 2 potions of degeneration {unknown}
 v - a potion of haste {unknown}
 w - a potion of lignification {unknown}


   Skills:
 + Level 6.3 Fighting
 + Level 6.3 Axes
 + Level 5.7 Armour
 + Level 5.1 Dodging


You had 6 spell levels left.
You didn't know any spells.
Your spell library was empty.

Dungeon Overview and Level Annotations

Branches:
Dungeon (6/15)
 Temple: D:4-7

Altars:
Xom

Annotations:
D:4 1 runed translucent door, rabbitsville's ghost, amateur DjAE


Innate Abilities, Weirdness & Mutations

You have a pair of horns on your head.
You reflexively headbutt those who attack you in melee.


Message History

You see here a +0 whip.
You hit the gnoll.
The gnoll is moderately wounded.
The gnoll closely misses you. You furiously retaliate!
You headbutt the gnoll!
You kill the gnoll!
Trog accepts your kill. The gnoll closely misses you.
You hit the gnoll bouda.
The gnoll bouda is lightly wounded.
The gnoll bouda barks out a call to the hunt!
The gnolls pick up the pace!
The gnoll completely misses you.
The gnoll hits you from afar with a +0 halberd.
You hit the gnoll bouda.
The gnoll bouda is moderately wounded.
The gnoll barely misses you. The gnoll bouda completely misses you.
The gnoll hits you from afar with a +0 halberd!
You closely miss the gnoll bouda. You headbutt the gnoll bouda!
You punch the gnoll bouda.
The gnoll bouda is almost dead.
The gnoll hits you from afar with a +0 spear!
The gnoll bouda gazes fiercely through you!
You feel your attacks grow feeble.
The gnoll bouda hits you with a +0 club!
The gnoll hits you from afar with a +0 halberd.
The gnoll bouda attacks as you move away!
The gnoll bouda hits you with a +0 club.
* * * LOW HITPOINT WARNING * * *
The gnoll hits you from afar with a +0 spear!
* * * LOW HITPOINT WARNING * * *
A red film seems to cover your vision as you go berserk!
You feel yourself moving faster!
You feel mighty!
The gnoll bouda hits you with a +0 club.
* * * LOW HITPOINT WARNING * * *
The gnoll misses you. The gnoll barely misses you.
You closely miss the gnoll bouda. Your headbutt misses the gnoll bouda.
The gnoll bouda is severely wounded.
The gnoll bouda misses you.
The gnoll hits you from afar with a +0 halberd!
You die...

#.##.#........##....<.
#.........###.#...#.##
#####.##### #.......#
#.# #.#...#.# #.#
#.##.##.# #.#
#.......# #.# ####
#### #.# #@# #g# #gg#
#g..# ...... ......#
##..##.# #.## .# #.# #


You could see a gnoll bouda and 3 gnolls.

Vanquished Creatures
  A black bear (D:5)
  An ice beast (D:5)
  2 phantoms (D:5)
  2 scorpions
  A hound (D:3)
  2 jellies
  A sleepcap (D:5)
  2 iguanas (D:5)
  An orc wizard (D:3)
  4 adders
  2 gnolls (D:6)
  A shadow imp (D:5)
  An ufetubus (D:5)
  5 worms
  2 dart slugs
  10 orcs
  8 ball pythons
  19 endoplasms
  4 giant cockroaches
  9 goblins
  5 hobgoblins
  3 jackals
  A quokka (D:1)
  A bat (D:2)
  A frilled lizard (D:3)
  6 kobolds
  11 rats
106 creatures vanquished.

Notes
Turn   | Place    | Note
-------+----------+-------------------------------------------
     0 | D:1      | kiwi3s the Minotaur Berserker began the quest for the Orb.
     0 | D:1      | Reached XP level 1. HP: 19/19 MP: 0/0
     0 | D:1      | Noticed a jelly
     1 | D:1      | Found a runed translucent door.
   228 | D:1      | Reached XP level 2. HP: 27/27 MP: 1/1
  1054 | D:1      | Reached XP level 3. HP: 33/33 MP: 2/2
  1054 | D:1      | Reached ** piety under Trog
  1060 | D:1      | Reached XP level 4. HP: 41/41 MP: 3/3
  1363 | D:2      | Found a shimmering altar of Xom.
  2064 | D:3      | Reached XP level 5. HP: 46/47 MP: 4/4
  2237 | D:3      | Reached *** piety under Trog
  2760 | D:4      | Reached skill level 5 in Fighting
  2760 | D:4      | Reached skill level 5 in Axes
  2912 | D:4      | Reached XP level 6. HP: 47/56 MP: 5/5
  3085 | D:4      | Found a runed translucent door.
  3086 | D:4      | Noticed rabbitsville's ghost (amateur DjAE)
  3308 | D:5      | Entered Level 5 of the Dungeon
  3652 | D:5      | Noticed an ice beast
  3661 | D:5      | Killed an ice beast
  3823 | D:5      | Reached skill level 5 in Armour
  3823 | D:5      | Reached XP level 7. HP: 49/62 MP: 6/6
  4116 | D:5      | Reached skill level 5 in Dodging
  4420 | D:6      | Slain by a gnoll

Illustrated notes

Levels and vault maps discovered:
D:1:      dpeg_arrival_caged_fury, layout_basic
D:2:      layout_loops_ring, basic_altar
D:3:      layout_basic
D:4:      layout_rooms, gammafunk_ghost_grave,
          amcnicky_mini_rare_corridor_liquid
D:5:      layout_basic
D:6:      layout_loops_corners, minmay_divided_ellipse

Skill      XL: |  1  2  3  4  5  6  7 |
---------------+----------------------+-----
Fighting       | 4 5 6 |  6.3
Axes           | 4 5 6 |  6.3
Armour         | 3 4 5 |  5.7
Dodging        | 3 4 5 |  5.1

Action                     |  1- 3 |  4- 6 |  7- 9 || total
---------------------------+-------+-------+-------++-------
  Melee: Hand axe          |    62 |   116 |    42 ||   220
         Headbutt          |     6 |    17 |    10 ||    33
         Punch             |     1 |     2 |     1 ||     4
 Invoke: Berserk           |     1 |     1 |     2 ||     4
   Stab: Sleeping          |     1 |       |       ||     1
 Armour: Animal skin       |     9 |     5 |       ||    14
         Leather armour    |       |    15 |    11 ||    26
  Dodge: Dodged            |    37 |    59 |    34 ||   130

Table legend: (Time is in decaauts)
 A = Elapsed time spent in this place.
 B = Non-inter-level travel time spent in this place.
 C = Inter-level travel time spent in this place.
 D = Time resting spent in this place.
 E = Time spent auto-exploring this place.
 F = Levels seen in this place.
 G = Mean time per level.
                   A        B        C        D        E       F      G
               +--------+--------+--------+--------+--------+-----+--------+
         Total |   4452 |   4287 |    165 |    184 |   3583 |   6 |  742.0 |
       Dungeon |   4452 |   4287 |    165 |    184 |   3583 |   6 |  742.0 |
               +--------+--------+--------+--------+--------+-----+--------+

Top non-repeatable levels by time:
     D:1: 1084 daAuts
     D:5: 1078 daAuts
     D:3: 895 daAuts
     D:2: 732 daAuts
     D:4: 611 daAuts
     D:6: 49 daAuts
